 Dungeon Crawl Stone Soup version 0.28-a0-1524-ge72afd5fc6 (webtiles) character file.

Game seed: 5721414055123953956

2 psuckher the Sneak (level 1, -2/19 HPs)
             Began as a Barachi Delver on Jan 17, 2022.
             Was an Initiate of Trog.
             Succumbed to a scorpion's poison
             ... on level 5 of the Dungeon.
             The game lasted 00:02:43 (628 turns).

psuckher the Sneak (Barachi Delver)                  Turns: 628, Time: 00:02:44

Health: -2/19      AC:  3    Str: 13    XL:     1   Next: 30%
Magic:  1/1        EV: 12    Int: 10    God:    Trog [......]
Gold:   33         SH:  0    Dex: 13    Spells: 0/0 levels left

rFire   . . .      SeeInvis .   a - +0 falchion
rCold   . . .      Faith    .   (no shield)
rNeg    . . .      Spirit   .   b - +0 leather armour
rPois   .          Reflect  .   (no helmet)
rElec   .          Harm     .   (no cloak)
rCorr   .          Rampage  .   (no gloves)
Will    .....                   (no boots)
Stlth   ++........              (no amulet)
HPRegen 0.06/turn               (no ring)
MPRegen 0.07/turn               (no ring)

@: lethally poisoned (-2 -> -15), slow
A: amphibious, slowness 1, strong legs 1, +LOS
a: Hop, Renounce Religion


You were on level 5 of the Dungeon.
You worshipped Trog.
Trog was noncommittal.
You visited 2 branches of the dungeon, and saw 2 of its levels.

You collected 33 gold pieces.

Inventory:

Hand Weapons
 a - a +0 falchion (weapon)
Armour
 b - a +0 leather armour (worn)
 h - a +0 helmet
Wands
 g - a wand of digging (3)
Scrolls
 c - a scroll of fog
 d - a scroll of magic mapping
 e - 2 scrolls of fear
 i - a scroll of teleportation {unknown}
Potions
 f - a potion of haste


   Skills:
 + Level 3.6 Fighting
 + Level 2.4 Long Blades
 + Level 2.2 Dodging
 + Level 4.6 Stealth


You couldn't memorise any spells.
You didn't know any spells.
Your spell library was empty.

Dungeon Overview and Level Annotations

Branches:
Dungeon (5/15)             Temple (1/1) D:5

Altars:
Ashenzari
Cheibriados
Dithmenos
Elyvilon
Fedhas
Gozag
Hepliaklqana
Kikubaaqudgha
Makhleb
Okawaru
Qazlal
Ru
Sif Muna
Trog
Uskayaw
Vehumet
Wu Jian
Xom
Yredelemnul
Zin
The Shining One


Innate Abilities, Weirdness & Mutations

You are amphibious.
You cover ground slowly.
You can hop short distances.
You have an extended range of vision and can be seen from far away.


Message History

The orc shouts!
The orc moves out of view.
The orc closely misses you.
You hit the orc.
The orc is almost dead.
The orc completely misses you.
You closely miss the orc.
The orc is almost dead.
The orc hits you with a +0 mace.
You closely miss the orc.
The orc is almost dead.
The orc barely misses you. x2
You barely miss the orc.
The orc is almost dead.
The orc hits you with a +0 mace.
You closely miss the orc.
The orc is almost dead.
The orc barely misses you.
You hit the orc.
You kill the orc!
Trog accepts your kill.
Found 15 gold pieces and a scroll labelled VELACOMAETE.
Items here: ( ) [ †.
You now have 33 gold pieces (gained 15).
i - a scroll labelled VELACOMAETE You hear the rapid rusting of a very distant drain.
You hear the rapid rusting of a very distant drain.
A scorpion comes into view.
You hear the rapid rusting of a very distant drain.
You hear the drain falling apart.
The walls and floor vibrate strangely for a moment.
Okay, then.
The scorpion stings you!
You hit the scorpion but do no damage. The scorpion stings you. x2
* * * LOW HITPOINT WARNING * * *
You are lethally poisoned!
The scorpion poisons you!
You hit the scorpion.
The scorpion is lightly wounded.
You die...

## #..#...##.....# ### ..
#.# #.....#...# ...###.
#.###.>..#..#..
...#.###.##....##.###.
......#.##...##..###
#####.##....##..###.##.
#.............#.###....
....###.s#...##....#..###
###@#)#####.....##
#.........##.#######
#.........##........
#.........##########
########### #


You could see a scorpion.

Vanquished Creatures
  An orc (D:5)
1 creature vanquished.

Notes
Turn   | Place    | Note
-------+----------+-------------------------------------------
     0 | D:5      | psuckher the Barachi Delver began the quest for the Orb.
     0 | D:5      | Reached XP level 1. HP: 18/18 MP: 1/1
    22 | D:5      | Found a staircase to the Ecumenical Temple.
    22 | D:5      | Noticed an orc priest
    63 | Temple   | Entered the Ecumenical Temple
   457 | Temple   | Became a worshipper of Trog the Wrathful
   583 | D:5      | Noticed a scorpion
   628 | D:5      | Succumbed to a scorpion's poison

Illustrated notes

Levels and vault maps discovered:
D:5:      layout_rooms, minmay_temple_entry_wispy, lightli_sewer_entry_pipes
Temple:   mainiacjoe_temple_trianglar_array

Action                   || total
-------------------------++-------
Melee: Falchion          ||     8
Dodge: Dodged            ||     5

Table legend: (Time is in decaauts)
 A = Elapsed time spent in this place.
 B = Non-inter-level travel time spent in this place.
 C = Inter-level travel time spent in this place.
 D = Time resting spent in this place.
 E = Time spent auto-exploring this place.
 F = Levels seen in this place.
 G = Mean time per level.
                   A        B        C        D        E       F      G
               +--------+--------+--------+--------+--------+-----+--------+
         Total |    747 |    400 |    347 |      0 |      0 |   2 |  373.5 |
       Dungeon |    262 |    248 |     14 |      0 |      0 |   1 |  262.0 |
        Temple |    484 |    151 |    333 |      0 |      0 |   1 |  484.0 |
               +--------+--------+--------+--------+--------+-----+--------+

Top non-repeatable levels by time:
  Temple: 484 daAuts
     D:5: 262 daAuts
